Map: Nightshade LE

Players

KRUM

  • Race: Terran Terran
  • League: Master
  • Spawn Location: 5:00

SlipJip - Winner!

  • Race: Protoss Protoss
  • League: Platinum
  • Spawn Location: 11:00

VOD

Have the link to the VOD?

Description

Time

  • Played on: May 21, 2020, 8:06 p.m.
  • Length: 6:49
Show
View Real Time Build Order
Export as new Build Order

KRUM Terran 

Build Orders: Reaper Expand 

Get SALT Encoding   

  12  0:01  SCV  
  13  0:13  SCV  
  14  0:17  Supply Depot  
  14  0:25  SCV  
  15  0:38  SCV  
  15  0:40  Barracks  
  16  0:43  Refinery  
  16  0:52  SCV  
  17  1:04  SCV  
  18  1:16  SCV  
  19  1:29  Orbital Command  
  19  1:30  Reaper  
  20  1:44  Command Center  
  20  1:51  Supply Depot  
  20  1:56  SCV  
  21  2:03  Marine  
  22  2:09  Factory  
  22  2:14  SCV  
  23  2:23  Bunker  
  23  2:27  Barracks Reactor, Refinery  
  23  2:30  SCV  
  23  2:42  SCV  
  24  2:54  SCV  
  24  2:55  Starport  
  25  2:58  Orbital Command  
  25  3:04  Widow Mine, Marine  
  25  3:05  Marine  
  28  3:10  SCV  
  30  3:22  SCV  
  30  3:24  SCV  
  30  3:27  Supply Depot, Marine  
  32  3:30  Widow Mine  
  35  3:36  Medivac  
  35  3:37  SCV  
  35  3:41  Marine  
  39  3:44  SCV  
  39  3:48  Marine  
  41  3:49  SCV  
  41  3:52  Factory Tech Lab  
  42  3:56  SCV  
  44  4:02  SCV  
  44  4:08  Marine x2  
  46  4:12  Siege Tank  
  49  4:17  Supply Depot, Liberator  
  49  4:20  SCV  
  49  4:21  SCV  
  54  4:24  Supply Depot  
  54  4:38  Marine x2  
  54  4:44  Command Center  
  55  4:49  Siege Tank  
  58  4:55  SCV x2  
  60  5:02  Barracks  
  60  5:04  Marine x2  
  60  5:05  Starport Tech Lab, Barracks  
  62  5:07  SCV x2  
  64  5:14  Engineering Bay  
  64  5:15  Engineering Bay  
  64  5:19  SCV  
  64  5:20  Refinery  
  64  5:21  Refinery  
  61  5:39  SCV  
  52  5:50  Marine x2  
  52  5:54  SCV  
  48  6:06  Barracks  
  48  6:07  Barracks  
  48  6:08  Barracks  
  48  6:09  Barracks  
Show
View Real Time Build Order
Export as new Build Order

SlipJip Protoss - Winner!

Build Orders:  

Get SALT Encoding   

  12  0:01  Probe  
  13  0:17  Pylon  
  13  0:18  Probe (Chrono Boost)  
  14  0:31  Probe (Chrono Boost)  
  14  0:35  Gateway  
  15  0:44  Assimilator  
  15  0:49  Probe  
  16  1:01  Probe  
  17  1:14  Assimilator  
  17  1:22  Cybernetics Core  
  17  1:27  Probe  
  18  1:39  Probe  
  19  1:50  Pylon  
  19  1:51  Probe  
  20  1:56  Stalker (Chrono Boost)  
  20  2:01  Warp Gate  
  22  2:03  Probe  
  22  2:21  Nexus  
  22  2:32  Twilight Council  
  22  2:59  Probe  
  22  3:00  Robotics Facility  
  23  3:05  Charge (Chrono Boost)  
  23  3:11  Probe  
  24  3:21  Gateway  
  24  3:23  Gateway  
  24  3:36  Probe (Chrono Boost)  
  25  3:45  Probe (Chrono Boost)  
  26  3:50  Gateway  
  26  3:52  Gateway  
  26  3:58  Gateway  
  26  4:01  Pylon  
  26  4:09  Warp Prism (Chrono Boost)  
  28  4:20  Pylon  
  24  4:57  Stalker  
  26  5:18  Zealot x5  
  26  5:20  Zealot  
  36  5:38  Zealot x4  
  36  5:39  Zealot  
  40  5:55  Zealot  
  40  6:01  Zealot x5  
  50  6:17  Zealot  
  52  6:23  Zealot  
  52  6:24  Zealot x4  
Tags
 
Add a new tag
Caveats
  • Supply blocks, unpowered buildings, or Contaminate may cause inaccurate times.
  • Supply counts are checked every 10 seconds.